 Dungeon Crawl Stone Soup version 0.28.0 (webtiles) character file.

Game seed: 10451596874211091493

392 MacCMillion the Poker (level 6, 0/49 HPs)
             Began as a Merfolk Gladiator on Feb 6, 2022.
             Was an Initiate of Hepliaklqana.
             Slain by an orc (6 damage)
             ... on level 4 of the Dungeon.
             The game lasted 00:12:32 (4928 turns).

MacCMillion the Poker (Merfolk Gladiator)           Turns: 4928, Time: 00:12:32

Health: 0/49       AC:  8    Str: 15    XL:     6   Next: 80%
Magic:  6/6        EV: 13    Int:  7    God:    Hepliaklqana [......]
Gold:   159        SH:  0    Dex: 17    Spells: 5/5 levels left

rFire   . . .      SeeInvis .   a - +0 trident
rCold   . . .      Faith    .   (no shield)
rNeg    . . .      Spirit   .   j - +0 ring mail
rPois   .          Reflect  .   c - +0 helmet
rElec   .          Harm     .   l - +0 cloak
rCorr   .          Rampage  .   (no gloves)
Will    .....                   p - +0 pair of boots
Stlth   +.........              (no amulet)
HPRegen 0.16/turn               (no ring)
MPRegen 0.10/turn               (no ring)

@: on berserk cooldown, slowed, very slow
A: (nimble swimmer 2), mertail
a: Renounce Religion


You were on level 4 of the Dungeon.
You worshipped Hepliaklqana.
Hepliaklqana was noncommittal.
You visited 1 branch of the dungeon, and saw 4 of its levels.

You collected 187 gold pieces.
You spent 28 gold pieces at shops.

Inventory:

Hand Weapons
 a - a +0 trident (weapon)
Missiles
 d - 3 throwing nets (quivered)
 f - 3 boomerangs of dispersal
 t - 3 javelins
 v - 5 poisoned darts
Armour
 c - a +0 helmet (worn)
 j - a +0 ring mail (worn)
 l - a +0 cloak (worn)
 p - a +0 pair of boots (worn)
Jewellery
 g - an amulet of faith
 q - a ring of wizardry
Scrolls
 i - 2 scrolls of holy word {unknown}
 n - 5 scrolls of amnesia {unknown}
 o - a scroll of summoning {unknown}
 s - a scroll of fear {unknown}
 u - a scroll of identify
Potions
 b - 2 potions of lignification
 e - 2 potions of curing
 h - 2 potions of brilliance
 m - a potion of degeneration {unknown}
 r - a potion of mutation {unknown}


   Skills:
 + Level 4.4 Fighting
 + Level 6.9 Polearms
 - Level 3.0 Throwing
 + Level 6.2 Dodging


You had 5 spell levels left.
You didn't know any spells.
Your spell library was empty.

Dungeon Overview and Level Annotations

Branches:
Dungeon (4/15)
 Temple: D:4-7

Altars:
Hepliaklqana
Qazlal
The Shining One

Shops:
D:1 (   D:2 ?**((


Innate Abilities, Weirdness & Mutations

((You are very nimble when in or above water. (Stealth+, EV+, Speed+++)))
Your lower body shifts to a powerful aquatic tail in water.


Message History

Things that are here:
a +0 dagger; a +0 robe; an orc corpse An orc is nearby!
You are too injured to fight recklessly!
You are too injured to fight recklessly!
Reach: a) +0 trident
Press: ? - help, Dir - move target, f - orc
Aim: an orc, wielding a +0 mace and wearing a +0 scale mail (about 32% to evade your +0 trident)
You reach to attack!
You hit the orc.
The orc is severely wounded.
Reach: a) +0 trident
Press: ? - help, Dir - move target, f/p - orc
Aim: an orc, wielding a +0 mace and wearing a +0 scale mail (severely wounded, about 32% to evade your +0 trident)
You barely miss the orc.
The orc is severely wounded.
The orc misses you. The orc closely misses you.
Reach: a) +0 trident
Press: ? - help, Dir - move target, f/p - orc
Aim: an orc, wielding a +0 mace and wearing a +0 scale mail (severely wounded, about 32% to evade your +0 trident)
You completely miss the orc.
The orc is severely wounded.
The orc hits you with a +0 mace.
* * * LOW HITPOINT WARNING * * *
Reach: a) +0 trident
Press: ? - help, Dir - move target, f/p - orc
Aim: an orc, wielding a +0 mace and wearing a +0 scale mail (severely wounded, about 32% to evade your +0 trident)
You closely miss the orc.
The orc is severely wounded.
The orc barely misses you. x2
You hit the orc but do no damage.
The orc is severely wounded.
The orc barely misses you.
You barely miss the orc.
The orc is severely wounded.
The orc hits you with a +0 mace.
* * * LOW HITPOINT WARNING * * *
You hit the orc.
The orc is almost dead.
The orc closely misses you. The orc hits you with a +0 mace.
You die...

.....# #.# #$###...###.#
(....#####.# #.#.#.### #.#
#.#........# #.....# #o#
#....####### #.....# #.#
#.#.##########.....# #.#
..#................# #†#
###.##########.....# #.# # #.#
##...## #.# # #.# ##@## #.######
###.# #o# #..o...# ....# #)#
######.# #÷### #.# #o# #.# #)#
#># #.# #)############.###
#.###### #.#...............
#.##...#########......o.......###
...................############


You could see an orc.

Vanquished Creatures
  An orc warrior (D:4)
  A bullfrog skeleton (D:4)
  A gnoll shaman (D:3)
  3 orc wizards
  5 gnolls
  4 adders
  A white imp (D:4)
  A worm (D:2)
  4 orcs
  5 ball pythons
  4 endoplasms
  2 giant cockroaches
  6 goblins
  5 hobgoblins
  4 jackals (D:4)
  6 quokkas
  2 bats (D:3)
  A frilled lizard (D:1)
  2 goblin skeletons (D:4)
  2 goblin zombies (D:4)
  4 kobolds
  4 orc zombies (D:4)
  6 rats
74 creatures vanquished.

Vanquished Creatures (others)
  15 plants (D:3)
15 creatures vanquished.

Grand Total: 89 creatures vanquished

Notes
Turn   | Place    | Note
-------+----------+-------------------------------------------
     0 | D:1      | MacCMillion the Merfolk Gladiator began the quest for the
                  | Orb.
     0 | D:1      | Reached XP level 1. HP: 16/16 MP: 1/1
   440 | D:1      | Found Wege's Weapon Shoppe.
   499 | D:1      | Reached XP level 2. HP: 16/23 MP: 2/2
  1593 | D:2      | Found Bifoiz's General Store.
  1954 | D:2      | Found Duromewi's Weapon Boutique.
  1969 | D:2      | Reached XP level 3. HP: 27/28 MP: 3/3
  2025 | D:2      | Found Adghiwniez's Weapon Boutique.
  2217 | D:2      | Found Tom Ham's Magic Scroll Emporium.
  2240 | D:2      | Bought a scroll of identify for 28 gold pieces
  2285 | D:2      | Found a faded altar of an unknown god.
  2404 | D:2      | Found Igienten's General Store.
  2500 | D:3      | Reached skill level 5 in Polearms
  2666 | D:3      | Reached XP level 4. HP: 33/35 MP: 4/4
  2689 | D:3      | Found a stormy altar of Qazlal.
  2970 | D:3      | Reached skill level 5 in Dodging
  2992 | D:2      | Reached XP level 5. HP: 29/41 MP: 5/5
  3699 | D:3      | Found a hazy altar of Hepliaklqana.
  3760 | D:3      | Became a worshipper of Hepliaklqana the Forgotten
  3978 | D:4      | Noticed an orc warrior
  4190 | D:4      | Found a glowing golden altar of the Shining One.
  4204 | D:4      | HP: 2/42 [acid (8)]
  4280 | D:3      | HP: 2/42 [acid (9)]
  4756 | D:4      | Reached XP level 6. HP: 47/48 MP: 6/6
  4901 | D:4      | HP: 1/48 [orc warrior (9)]
  4910 | D:4      | Killed an orc warrior
  4928 | D:4      | Slain by an orc

Illustrated notes

Levels and vault maps discovered:
D:1:      grunt_arrival_crossed_arrows, layout_basic, serial_shops, shop
D:2:      layout_loops_cross, basic_ecumenical_altar, serial_shops,
          nicolae_shop_crystal, shop, nicolae_square_shop,
          nicolae_shop_bloodbath_and_beyond, shop,
          chequers_serial_rivers_micro_b, chequers_serial_rivers_room_b
D:3:      layout_loops_ring, nicolae_hepliaklqana_hippocampus,
          mainiacjoe_overflow_alcove_2, nicolae_grassy_gnolls
D:4:      layout_loops_ring, nicolae_tso_besieged_by_evil

Skill      XL: |  1  2  3  4  5  6 |
---------------+-------------------+-----
Polearms       | 5 6 |  6.9
Fighting       | 3 4 |  4.4
Dodging        | 5 6 |  6.2
Throwing       | 3 |  3.0

Action                   |  1- 3 |  4- 6 || total
-------------------------+-------+-------++-------
Melee: Trident           |   117 |   184 ||   301
       Punch             |       |     3 ||     3
  Use: Scroll            |     4 |       ||     4
       Potion            |       |     3 ||     3
 Stab: Sleeping          |     1 |     1 ||     2
Armor: Leather armour    |     3 |       ||     3
       Ring mail         |    21 |    45 ||    66
Dodge: Dodged            |    52 |    97 ||   149
